 Dungeon Crawl Stone Soup version 0.17-a0-1718-g72dbe4d (webtiles) character file.

20 achirane the Sneak (level 2, -3/22 HPs)
             Began as a Naga Wizard on Aug 25, 2015.
             Slain by a kobold
             ... wielding a +0 short sword
              (5 damage)
             ... on level 1 of the Dungeon.
             The game lasted 00:05:34 (918 turns).

achirane the Sneak (Naga Wizard)                     Turns: 918, Time: 00:05:34

Health: -3/22      AC:  1    Str:  7 (9)  XL:     2   Next: 79%
Magic:  0/6        EV:  9    Int: 18      God:
Gold:   0          SH:  0    Dex:  9      Spells: 2 memorised, 4 levels left

rFire  . . .     SeeInvis +     m - +0 hand axe
rCold  . . .     Clarity  .     a - +0 robe
rNeg   . . .     SustAt   .     (no shield)
rPois  +         Gourm    .     b - +0 hat
rElec  .         Spirit   .     (no cloak)
rCorr  .         Warding  .     (no gloves)
rMut   .         Stasis   .     (no barding)
MR     .....                    (no amulet)
Stlth  ++........               (no ring)
                                (no ring)

@: very slightly contaminated, very slow, not resistant to hostile enchantments,
unstealthy
A: see invisible, deformed body, poison resistance, slowness 2, slow metabolism
1, spit poison 2, AC +0
a: Spit Poison


You were on level 1 of the Dungeon.
You were not hungry.

You visited 1 branch of the dungeon, and saw 1 of its levels.

Inventory:

Hand weapons
 f - a +0 dagger
 m - a +0 hand axe (weapon)
Missiles
 e - 4 stones (quivered)
Armour
 a - a +0 robe (worn)
 b - a +0 hat (worn)
Scrolls
 h - a scroll of identify
 i - a scroll of fear
 j - a scroll of teleportation {unknown}
 k - a scroll of remove curse {unknown}
 l - a scroll of recharging {unknown}
Books
 c - a book of Minor Magic

   Spells                             Type                      Level
   a - Magic Dart                     Conjuration                  1
   b - Blink                          Translocation                2
   c - Call Imp                       Summoning                    2
   d - Repel Missiles                 Charms/Air                   2
   e - Slow                           Hexes                        2
   f - Conjure Flame                  Conjuration/Fire             3
   g - Mephitic Cloud                 Conjuration/Poison/Air       3
Comestibles
 d - 2 bread rations


   Skills:
 - Level 1.5 Dodging
 - Level 3.0 Stealth
 - Level 3.0 Spellcasting
 + Level 2.6 Conjurations
   Level 1.0 Summonings
 - Level 1.0 Translocations


You had 4 spell levels left.
You knew the following spells:

 Your Spells              Type           Power        Failure   Level  Hunger
a - Magic Dart            Conj           ##..         8%          1    None
b - Blink                 Tloc           N/A          17%         2    ##.....


Dungeon Overview and Level Annotations

Branches:
Dungeon (1/15)

Altars:


Innate Abilities, Weirdness & Mutations

You cannot wear boots.
Your serpentine skin is tough (AC +0).
You have supernaturally acute eyesight.
Armour fits poorly on your strangely shaped body.
Your system is resistant to poisons.
You cover ground very slowly.
You have a slow metabolism.
You can spit poison.


Message History

The magic dart hits the kobold.
The kobold barely misses you.
You completely miss the kobold. The kobold hits you with a short sword.
* * * LOW HITPOINT WARNING * * *
You are too injured to fight recklessly!
You hit the kobold but do no damage. The kobold hits you with a short sword.
* * * LOW HITPOINT WARNING * * *
Drink which item? (? for menu, Esc to quit)
You don't have any such object.
Drink which item? (? for menu, Esc to quit)
It was a potion of degeneration.
There was something very wrong with that liquid.
You feel weakened. The kobold barely misses you.
Read which item? (? for menu, Esc to quit)
As you read the scroll labeled NOMEHI TYKEIQU, it crumbles to dust.
It is a scroll of identify.
Identify which item? (\ to view known items) (? for menu, Esc to quit)
i - a scroll of fear The kobold hits you with a short sword.
You die...

.###..... >...... .##..# .##..#
..##.## ..##..# ..##..#
..'...################### ######
..##..#.........@KK.....##.....##
..##..#...########..#...#....#...
......#...#>⌠. ##..##....##....
......#...#..oo#####.......#.....
......#...# .oo#$#.8.........#...
......#...# #.'......##..#..#.
......#...# #.'....).......#..
..........#.olo#$#.8......##....h
......#...#..oo# ###.....#......#


You could see 2 kobolds.

Vanquished Creatures
  An ooze (D:1)
  A giant gecko (D:1)
  2 bats (D:1)
  A giant cockroach (D:1)
  2 hobgoblins (D:1)
  A jackal (D:1)
  A giant newt (D:1)
  2 goblins (D:1)
  2 kobolds (D:1)
  2 rats (D:1)
15 creatures vanquished.

Notes
Turn   | Place    | Note
--------------------------------------------------------------
     0 | D:1      | achirane the Naga Wizard began the quest for the Orb.
     0 | D:1      | Reached XP level 1. HP: 15/15 MP: 4/4
   237 | D:1      | Reached XP level 2. HP: 22/22 MP: 0/6
   297 | D:1      | Learned a level 2 spell: Blink
   918 | D:1      | Slain by a kobold

Vault maps used:
D:1:      erik_arrival_cave_to_civilisation

Action                   || total
-------------------------++-------
Melee: Hand axe          ||    11
 Cast: Magic Dart        ||    35
       Blink             ||     1
  Use: Scroll            ||     1
       Potion            ||     1
